 Dungeon Crawl Stone Soup version 0.29-a0-319-gad05b8d819 (webtiles) character file.

Game seed: 18090483558452765904

285 Morbidden the Skirmisher (level 6, -4/48 HPs)
             Began as a Demonspawn Fighter on Apr 2, 2022.
             Slain by an ogre
             ... wielding a +0 giant club
              (22 damage)
             ... on level 5 of the Dungeon.
             The game lasted 00:02:36 (3482 turns).

Morbidden the Skirmisher (Demonspawn Fighter)       Turns: 3482, Time: 00:02:37

Health: -4/48      AC: 14    Str: 18    XL:     6   Next: 7%
Magic:  7/7        EV:  5    Int: 10    God:
Gold:   202        SH:  4    Dex: 12    Spells: 7/7 levels left

rFire   . . .      SeeInvis .   b - +0 dagger (venom)
rCold   . . .      Faith    .   c - +0 buckler
rNeg    . . .      Spirit   .   f - +0 plate armour
rPois   .          Reflect  .   u - +0 helmet
rElec   .          Harm     .   (no cloak)
rCorr   .          Rampage  .   (no gloves)
Will    .....                   (no boots)
Stlth   ..........              g - amulet of regeneration
HPRegen 0.96/turn               (no ring)
MPRegen 0.10/turn               (no ring)

@: no status effects
A: molten scales 1, foul stench 1, weakness stinger 1
a: no special abilities


You were on level 5 of the Dungeon.
You visited 1 branch of the dungeon, and saw 5 of its levels.

You collected 202 gold pieces.

Inventory:

Hand Weapons
 a - a +0 long sword
 b - a +0 dagger of venom (weapon)
Armour
 c - a +0 buckler (worn)
 f - a +0 plate armour (worn)
 u - a +0 helmet (worn)
Jewellery
 g - an amulet of regeneration (around neck)
 x - a ring of protection from cold
Wands
 w - a wand of flame (25)
Scrolls
 e - a scroll of torment {unknown}
 h - 5 scrolls of teleportation {unknown}
 i - 2 scrolls of blinking {unknown}
 j - a scroll of acquirement {unknown}
 k - a scroll of summoning {unknown}
 l - 5 scrolls of identify {unknown}
 r - a scroll of enchant weapon {unknown}
 s - 2 scrolls of magic mapping {unknown}
 t - a scroll of holy word {unknown}
 v - a scroll of immolation {unknown}
Potions
 d - a potion of might
 m - 2 potions of heal wounds {unknown}
 n - a potion of resistance {unknown}
 o - a potion of curing {unknown}
 p - a potion of mutation {unknown}
 q - a potion of haste {unknown}


   Skills:
 * Level 3.8 Fighting
 * Level 2.4(3.0) Short Blades
 + Level 2.6(3.1) Long Blades
 + Level 3.3 Armour
 * Level 2.0 Dodging
 + Level 3.1 Shields
 * Level 1.2 Spellcasting


You had 7 spell levels left.
You didn't know any spells.
Your spell library contained the following spells:

 Spells                   Type           Power      Damage    Failure   Level
 Borgnjor's Vile Clutch   Necr/Erth      0%         N/A       100%        5
 Starburst                Conj/Fire      0%         6d3       100%        6
 Necromutation            Tmut/Necr      0%         N/A       100%        8


Dungeon Overview and Level Annotations

Branches:
Dungeon (5/15)
 Temple: D:4-7

Altars:


Innate Abilities, Weirdness & Mutations

You are partially covered in molten scales. (AC +2)
You may rarely emit foul miasma when damaged in melee.
You have a small tail.


Message History

You have reached level 6!
HP restored.
v - a scroll labelled QOAPAJ FOUS No target in view!
w - a wand of flame (25) No target in view!
Found a stone staircase leading down.
No target in view!
x - a ring of protection from cold No target in view!
An ogre comes into view. It is wielding a +0 giant club.
Found a scroll labelled LIYNEE MAYMOGE.
The ogre shouts!
You see here a scroll labelled RUNOSA KOUPS.
You hit the ogre but do no damage.
The ogre is poisoned.
You barely miss the ogre. The ogre hits you with a +0 giant club!
You hit the ogre but do no damage.
The ogre looks as sick as possible!
You tail-slap the ogre.
The ogre is lightly wounded.
The ogre barely misses you.
You hit the ogre.
The ogre looks as sick as possible!
The ogre is heavily wounded.
You hit the ogre but do no damage.
The ogre is heavily wounded.
The ogre hits you with a +0 giant club!
You barely miss the ogre.
The ogre is severely wounded.
You hit the ogre.
The ogre looks as sick as possible!
The ogre is severely wounded.
The ogre hits you with a +0 giant club!
You are too injured to fight recklessly!
You are too injured to fight recklessly!
You are too injured to fight recklessly!
Unknown command.
Unknown command.
Unknown command.
You hit the ogre.
The ogre looks as sick as possible!
The ogre is almost dead.
The ogre hits you with a +0 giant club!!
You die...

###### #.# .....##
#.# ####..# #.#
#####'####.#####
.............#8##
...........#....##
...........###8?.##
...........#
##...##
...........# ##@.8#
...........# #O>.#
...........# #..8#
...........# .?.##
...........# ..##
........... ..##
........... 8#
........... ##


You could see an ogre (extremely poisoned).

Vanquished Creatures
  A water moccasin (D:5)
  A hound (D:4)
  An iguana (D:5)
  3 gnolls (D:4)
  3 adders
  A shadow imp (D:5)
  A worm (D:4)
  3 dart slugs
  An orc (D:3)
  6 endoplasms
  3 giant cockroaches
  8 goblins
  6 hobgoblins
  3 quokkas
  5 ball pythons
  3 bats (D:1)
  2 frilled lizards (D:2)
  5 kobolds
  5 rats
61 creatures vanquished.

Notes
Turn   | Place    | Note
-------+----------+-------------------------------------------
     0 | D:1      | Morbidden the Demonspawn Fighter began the quest for the
                  | Orb.
     0 | D:1      | Reached XP level 1. HP: 18/18 MP: 1/1
   221 | D:1      | Gained mutation: You may rarely emit foul miasma when
                  | damaged in melee. [demonic ancestry]
   221 | D:1      | Reached XP level 2. HP: 24/24 MP: 2/2
  1026 | D:2      | Reached XP level 3. HP: 29/29 MP: 3/3
  2360 | D:4      | Gained mutation: You are partially covered in molten
                  | scales. (AC +2) [demonic ancestry]
  2360 | D:4      | Reached XP level 4. HP: 35/35 MP: 4/4
  2381 | D:4      | Reached skill level 1 in Short Blades
  2757 | D:4      | Reached skill level 1 in Dodging
  2757 | D:4      | Gained mutation: You have a small tail. [demonic ancestry]
  2757 | D:4      | Reached XP level 5. HP: 41/42 MP: 6/6
  2802 | D:4      | Got Sif Muna's Collected Works on Necromancy and Fire
  3208 | D:5      | Entered Level 5 of the Dungeon
  3236 | D:5      | Noticed a water moccasin
  3253 | D:5      | Killed a water moccasin
  3254 | D:5      | Reached skill level 1 in Spellcasting
  3432 | D:5      | Reached XP level 6. HP: 37/48 MP: 7/7
  3482 | D:5      | Slain by an ogre

Illustrated notes

Levels and vault maps discovered:
D:1:      grunt_arrival_crossed_arrows, layout_basic
D:2:      layout_basic
D:3:      minmay_general_purpose_star, layout_rooms
D:4:      layout_loops_ring
D:5:      kennysheep_windowed_halls, layout_basic, minmay_temple_entry_trees,
          grunt_ministairs_8, uniq_menkaure, uniq_eustachio, uniq_blork_the_orc

Skill      XL: |  1  2  3  4  5 |
---------------+----------------+-----
Armour         | 3 |  3.3
Long Blades    | 2 |  2.6
Shields        | 3 |  3.1
Short Blades   | 1 2 |  2.4
Dodging        | 1 2 |  2.0
Spellcasting   | 1 |  1.2
Fighting       | |  3.8

Action                   |  1- 3 |  4- 6 || total
-------------------------+-------+-------++-------
Melee: Long sword        |    35 |       ||    35
       Dagger            |    54 |   110 ||   164
       Tailslap          |       |     4 ||     4
Armor: Plate armour      |    48 |    46 ||    94
Dodge: Dodged            |    15 |    30 ||    45
Block: Buckler           |    12 |    13 ||    25

Table legend: (Time is in decaauts)
 A = Elapsed time spent in this place.
 B = Non-inter-level travel time spent in this place.
 C = Inter-level travel time spent in this place.
 D = Time resting spent in this place.
 E = Time spent auto-exploring this place.
 F = Levels seen in this place.
 G = Mean time per level.
                   A        B        C        D        E       F      G
               +--------+--------+--------+--------+--------+-----+--------+
         Total |   3486 |   3213 |    273 |    113 |   2643 |   5 |  697.2 |
       Dungeon |   3486 |   3213 |    273 |    113 |   2643 |   5 |  697.2 |
               +--------+--------+--------+--------+--------+-----+--------+

Top non-repeatable levels by time:
     D:1: 1011 daAuts
     D:4: 850 daAuts
     D:2: 799 daAuts
     D:3: 553 daAuts
     D:5: 270 daAuts
